 Dungeon Crawl Stone Soup version 0.25-a0-398-g1920f1ac21 (webtiles) character file.

Game seed: 9273399014052432421, levelgen mode: deterministic

298 DerDa the Skirmisher (level 6, -5/85 HPs)
             Began as a Minotaur Berserker on Jan 8, 2020.
             Was a Believer of Trog.
             Slain by a goblin
             ... wielding a +0 dagger of electrocution
             ... led by Robin
              (9 damage)
             ... on level 3 of the Dungeon.
             The game lasted 00:05:04 (1437 turns).

DerDa the Skirmisher (Minotaur Berserker)           Turns: 1437, Time: 00:05:05

Health: -5/85      AC:  9    Str: 29    XL:     6   Next: 13%
Magic:  5/5        EV: 10    Int:  4    God:    Trog [**....]
Gold:   69         SH:  0    Dex:  9    Spells: 5/5 levels left

rFire    . . .     SeeInvis .   s - +3 scythe (venom)
rCold    . . .     Gourm    .   (shield currently unavailable)
rNeg     . . .     Faith    .   d - +0 chain mail
rPois    .         Spirit   .   (helmet restricted)
rElec    .         Reflect  .   (no cloak)
rCorr    .         Harm     .   (no gloves)
MR       ++...                  (no boots)
Stlth    ..........             (no amulet)
HPRegen  1.24/turn              (no ring)
MPRegen  0.09/turn              (no ring)

@: berserking, regenerating, very quick
A: retaliatory headbutt, horns 2
a: Berserk, Trog's Hand, Renounce Religion


You were on level 3 of the Dungeon.
You worshipped Trog.
Trog was pleased with you.
You were hungry.

You visited 1 branch of the dungeon, and saw 3 of its levels.

You collected 69 gold pieces.

Inventory:

Hand Weapons
 a - a +0 short sword
 s - a +3 scythe of venom (weapon)
Missiles
 g - 19 sling bullets
 k - 18 bolts
 n - 94 stones (quivered)
Armour
 b - a +0 animal skin
 d - a +0 chain mail (worn)
 i - a +0 ring mail
Scrolls
 e - a scroll of enchant weapon
 m - 3 scrolls of teleportation
 p - a scroll of fear
Potions
 h - a potion of heal wounds {unknown}
 j - a potion of cancellation {unknown}
 l - a potion of brilliance {unknown}
 o - a potion of agility {unknown}
 r - 2 potions of lignification {unknown}
Comestibles
 c - 4 rations


   Skills:
 * Level 6.0 Fighting
 - Level 3.2 Short Blades
 + Level 4.0 Armour
 * Level 4.6 Dodging


You had 5 spell levels left.
You didn't know any spells.
Your spell library was empty.

Dungeon Overview and Level Annotations

Branches:
Dungeon (3/15)

Altars:
Gozag
Zin

Annotations:
D:3 Robin


Innate Abilities, Weirdness & Mutations

You reflexively headbutt those who attack you in melee.
You have a pair of horns on your head.


Message History

You are electrocuted!
* * * LOW HITPOINT WARNING * * *
The goblin hits you but does no damage.
A worm comes into view.
The goblin closely misses you.
Your skin crawls.
You feel resistant to hostile enchantments.
You feel quite a bit more hungry. The goblin hits you but does no damage.
You are electrocuted!
* * * LOW HITPOINT WARNING * * *
A goblin comes into view.
The goblin hits you but does no damage. The goblin barely misses you.
You furiously retaliate!
You headbutt the goblin.
You kill the goblin!
Trog accepts your kill.
A red film seems to cover your vision as you go berserk!
You feel yourself moving faster!
You feel mighty!
You are feeling hungry.
The goblin hits you but does no damage.
You are electrocuted!
You die...

..... #.#.#...#.#.## #.#. ### #
#.#.#...#....# #... ..# #.
#.#.#...#....# #...###.#
#.######.#.#...#...[.
##.......####.....##.#.#...#.#.#.
.................................
#...............................
##(.#..#.########o##...###.....##
...>).....g)wogg@g...####....#.#
......gg##.g.gw##.##w# #....#.#
....w..o.....g.##.##.# #....#.#
........##.....##.##.# #....#.#
........##.....##.##.. #....#.#
........##.....##.###. #....#.#
...o....##.....##.# (. #....#.#
........##.....##.# #. #....#.#
#.....##.# ##.#.#.#


You could see 3 worms, Robin, 2 orcs and 6 goblins.

Vanquished Creatures
  Sigmund (D:3)
  Terence (D:3)
  Jessica (D:2)
  3 adders (D:2)
  An ooze (D:1)
  2 worms (D:2)
  3 dart slugs
  3 leopard geckos
  6 goblins
  3 hobgoblins (D:1)
  8 kobolds
  2 ball pythons (D:3)
  4 bats
  4 frilled lizards
  4 rats
46 creatures vanquished.

Notes
Turn   | Place    | Note
-------+----------+-------------------------------------------
     0 | D:1      | DerDa the Minotaur Berserker began the quest for the Orb.
     0 | D:1      | Reached XP level 1. HP: 19/19 MP: 0/0
    48 | D:1      | Reached skill level 4 in Fighting
    82 | D:1      | Reached XP level 2. HP: 10/27 MP: 1/1
   745 | D:2      | Reached XP level 3. HP: 27/34 MP: 2/2
   940 | D:2      | Noticed Jessica
   951 | D:2      | Killed Jessica
   951 | D:2      | Reached ** piety under Trog
   951 | D:2      | Reached XP level 4. HP: 35/41 MP: 3/3
  1101 | D:2      | Reached skill level 5 in Fighting
  1203 | D:3      | Noticed Sigmund
  1211 | D:3      | Killed Sigmund
  1211 | D:3      | Reached XP level 5. HP: 50/50 MP: 4/4
  1300 | D:3      | Found a glowing silver altar of Zin.
  1301 | D:3      | Found an opulent altar of Gozag.
  1331 | D:3      | Noticed Terence
  1337 | D:3      | Killed Terence
  1337 | D:3      | Reached skill level 6 in Fighting
  1337 | D:3      | Reached XP level 6. HP: 51/57 MP: 5/5
  1417 | D:3      | Noticed Robin
  1436 | D:3      | HP: 2/57 [goblin/+0 dagger of electrocution[Robin] (13)]
  1437 | D:3      | Slain by a goblin

Levels and vault maps discovered:
D:1:      dpeg_arrival_tiny_c, layout_rooms, minmay_crystal_room,
          palyth_stone_intersect
D:2:      layout_rooms, uniq_jessica
D:3:      layout_basic, grunt_temple_overflow_gold_and_silver, uniq_sigmund,
          uniq_terence, uniq_robin

Skill      XL: |  1  2  3  4  5 |
---------------+----------------+-----
Fighting       | 4 5 6 |  6.0
Dodging        | 3 4 |  4.6
Armour         | 3 4 |  4.0
Short Blades   | |  3.2

Action                   |  1- 3 |  4- 6 || total
-------------------------+-------+-------++-------
Melee: Short sword       |    75 |    28 ||   103
       Headbutt          |    16 |     8 ||    24
       Scythe            |       |    20 ||    20
Invok: Berserk           |       |     2 ||     2
       Trog's Hand       |       |     1 ||     1
  Use: Scroll            |       |     7 ||     7
  Eat: Chunk             |       |     3 ||     3
Armor: Ring mail         |    13 |    18 ||    31
       Chain mail        |       |    19 ||    19
Dodge: Dodged            |    34 |    43 ||    77

Table legend:
 A = Non-vault XP
 B = Vault XP
 C = Vault XP percentage of total XP
 D = Non-vault monster count
 E = Vault monster count
 F = Vault count percentage of total count
                 A         B        C        D         E       F
            +---------+---------+-------+---------+---------+-------
      Total |     120 |     306 |  71.8 |      41 |       5 |  10.9
            +---------+---------+-------+---------+---------+-------
        D:1 |      38 |       0 |   0.0 |      15 |       0 |   0.0
        D:2 |      72 |      37 |  33.9 |      19 |       1 |   5.0
        D:3 |      10 |     269 |  96.4 |       7 |       4 |  36.4
            +---------+---------+-------+---------+---------+-------
